[Event "Titled Tuesday Blitz January 03 Early 2023"]
[White "Atanasov, Anthony"]
[Black "Donchenko, Alexander"]
[WhiteFideId "2623897"]
[BlackFideId "24603295"]
[WhiteElo "2368"]
[BlackElo "2669"]
[Result "1-0"]
[Round "08"]
[TimeControl "180+2"]
[Date "2023.01.03"]
[WhiteClock "0:00:05"]
[BlackClock "0:00:38"]

1. d4 Nf6 2. Nf3 d5 3. Bf4 e6 4. e3 Bd6 5. Nbd2 O-O 6. Bd3 b6 7. Qe2 Bb7 8. Bg5 c5 9. c3 h6 10. Bh4 Nbd7 11. e4 dxe4 12. Bxe4 Qc7 13. Bxb7 Qxb7 14. O-O Nd5 15. Bg3 Bxg3 16. hxg3 Rfd8 17. Rad1 Rac8 18. Ne4 N7f6 19. dxc5 bxc5 20. c4 Ne7 21. Nd6 Rxd6 22. Rxd6 Nf5 23. Rxe6 Nxg3 24. fxg3 fxe6 25. Qxe6+ Kh7 26. Qf5+ Kg8 27. Qe6+ Kh7 28. Ne5 Re8 29. Qf5+ Kg8 30. b3 Qe7 31. Ng6 Qe3+ 32. Kh2 Qe2 33. Rf4 Qxa2 34. Qxc5 Qxb3 35. Rxf6 gxf6 36. Qd5+ Kg7 37. Qd7+ Kxg6 38. Qxe8+ Kg7 39. c5 Qf7 40. Qe2 Qd5 41. Qe7+ Qf7 42. Qd6 Qf8 43. Qd7+ Qf7 44. c6 1-0


[Site "https://www.chess.com"]

[Event "Titled Tuesday Blitz January 03 Early 2023"]
[White "Galchenko, Matvey"]
[Black "Tologon tegin, Semetei"]
[WhiteFideId "24175480"]
[BlackFideId "13800574"]
[WhiteElo "2438"]
[BlackElo "2372"]
[Result "0-1"]
[Round "08"]
[TimeControl "180+2"]
[Date "2023.01.03"]
[WhiteClock "0:00:04"]
[BlackClock "0:00:02"]

1. f4 d5 2. Nf3 Nf6 3. g3 c6 4. Bg2 Bg4 5. O-O Nbd7 6. d3 e6 7. Nc3 Be7 8. e4 dxe4 9. dxe4 e5 10. h3 Bxf3 11. Qxf3 O-O 12. f5 h6 13. h4 b5 14. Kh2 a5 15. a3 b4 16. axb4 axb4 17. Rxa8 Qxa8 18. Nd1 h5 19. Nf2 Bc5 20. Nd3 Ng4+ 21. Kh1 Qa5 22. Qe2 Bd4 23. Bf3 Ndf6 24. Bd2 Qb5 25. Bg5 c5 26. Qd2 Rb8 27. b3 c4 28. bxc4 Qxc4 29. Rb1 Bc3 30. Qe2 Qa2 31. Rc1 Qc4 32. Kg2 Rb6 33. Rb1 Qa2 34. Rd1 Rc6 35. Nc1 Qc4 36. Qxc4 Rxc4 37. Rd8+ Kh7 38. Bxg4 Nxg4 39. Kf3 Bd4 40. Ne2 f6 41. Bd2 Rxc2 42. Bxb4 Nh2+ 0-1


[Site "https://www.chess.com"]

[Event "Titled Tuesday Blitz January 03 Early 2023"]
[White "Koutlas, Nikolaos"]
[Black "Kopylov, Alexander A."]
[WhiteFideId "25827138"]
[BlackFideId "4164857"]
[WhiteElo "2341"]
[BlackElo "2397"]
[Result "0-1"]
[Round "08"]
[TimeControl "180+2"]
[Date "2023.01.03"]
[WhiteClock "0:00:03"]
[BlackClock "0:00:48"]

1. Nf3 Nf6 2. g3 e6 3. Bg2 d5 4. O-O Be7 5. c4 O-O 6. b3 a5 7. Bb2 a4 8. cxd5 exd5 9. bxa4 Nbd7 10. e3 Nb6 11. Nc3 Bd7 12. Ne5 Bxa4 13. Nxa4 Nxa4 14. Bc1 c5 15. Rb1 Qc7 16. Nd3 c4 17. Nf4 Rfd8 18. Ne2 Qc6 19. Nd4 Qd7 20. Qc2 Bc5 21. d3 Bxd4 22. exd4 b5 23. dxc4 bxc4 24. Bg5 Ra6 25. Rfe1 h6 26. Bf4 Nb6 27. Be5 Nc8 28. Rb4 Ne7 29. Reb1 Ng4 30. Bh3 h5 31. Rb7 Qf5 32. Qxf5 Nxf5 33. Bg2 Nxe5 34. dxe5 c3 35. Rb8 Rxb8 36. Rxb8+ Kh7 37. Bxd5 Nd4 38. Rc8 Ra5 39. Be4+ g6 40. Kg2 Rxe5 41. Bd3 Ra5 42. Rxc3 Rxa2 43. Rc7 Kg7 44. Bc4 Rc2 45. Rxf7+ Kh6 46. Rc7 Nf5 47. Rc6 Ne3+ 48. Kf3 Nxc4 49. Re6 Nd2+ 50. Kf4 Nf1 51. f3 Nxh2 52. g4 Rc3 53. g5+ Kg7 54. Re3 Rxe3 55. Kxe3 Kf7 56. Kf2 Ke6 57. Kg2 Nxf3 58. Kxf3 Kf5 0-1


[Site "https://www.chess.com"]

[Event "Titled Tuesday Blitz January 03 Early 2023"]
[White "Putnam, Liam"]
[Black "Bodnaruk, Anastasia"]
[WhiteFideId "30938279"]
[BlackFideId "4181751"]
[WhiteElo "2285"]
[BlackElo "2350"]
[Result "1-0"]
[Round "08"]
[TimeControl "180+2"]
[Date "2023.01.03"]
[WhiteClock "0:00:14"]
[BlackClock "0:00:03"]

1. e4 c5 2. Na3 Nc6 3. Nf3 d6 4. Bb5 Bd7 5. O-O g6 6. c3 Nf6 7. d4 Nxe4 8. Re1 d5 9. dxc5 e6 10. Be3 Bg7 11. Bd4 Nxd4 12. cxd4 O-O 13. Bxd7 Qxd7 14. b4 a6 15. Qb3 f6 16. Nc2 g5 17. Rad1 g4 18. Nd2 Ng5 19. a4 f5 20. b5 f4 21. f3 h5 22. Re2 Qf7 23. Rde1 Rae8 24. Qd3 axb5 25. axb5 Ra8 26. Kh1 Ra2 27. Nb4 Ra4 28. Qb3 Rfa8 29. c6 Bxd4 30. cxb7 Qxb7 31. Nc6 Bg7 32. Nd8 Qd7 33. Nxe6 Nxe6 34. Rxe6 Ra1 35. Re2 R8a3 36. Qc2 Re3 37. Rxa1 Bxa1 38. Nf1 d4 39. Nxe3 fxe3 40. Qa2+ Qf7 41. Qxa1 Qc4 42. Rb2 gxf3 43. gxf3 Qd5 44. b6 Qxf3+ 45. Rg2+ Kh7 46. Qa7+ 1-0


[Site "https://www.chess.com"]

[Event "Titled Tuesday Blitz January 03 Early 2023"]
[White "Shipov, Sergei"]
[Black "Aghasiyev, Kamal"]
[WhiteFideId "4113624"]
[BlackFideId "13402854"]
[WhiteElo "2541"]
[BlackElo "2441"]
[Result "1-0"]
[Round "08"]
[TimeControl "180+2"]
[Date "2023.01.03"]
[WhiteClock "0:00:25"]
[BlackClock "0:00:12"]

1. d4 d5 2. c4 e6 3. Nc3 Nf6 4. cxd5 exd5 5. Bg5 Nbd7 6. e3 c6 7. Bd3 Be7 8. Qc2 h6 9. Bh4 Nh5 10. Bxe7 Qxe7 11. Nge2 Nb6 12. O-O O-O 13. Rae1 Bd7 14. Nc1 Rae8 15. Nb3 Nc8 16. f3 Qg5 17. Nc5 Nb6 18. f4 Qh4 19. Nxb7 Nf6 20. Nc5 Bc8 21. h3 Re7 22. Qf2 Qh5 23. Qf3 Qh4 24. Qf2 Qh5 25. Ne2 Rfe8 26. Ng3 Qh4 27. b3 g6 28. Re2 Bg4 29. Ree1 Bc8 30. Bc2 Nbd7 31. Nd3 Ba6 32. Ne5 Bxf1 33. Rxf1 Nxe5 34. fxe5 Nh5 35. Nxh5 Qxf2+ 36. Rxf2 gxh5 37. Rf5 c5 38. Rxh5 cxd4 39. exd4 Rc8 40. Bf5 Rc1+ 41. Kh2 Rd1 42. Rh4 Rd2 43. a4 Rb7 44. e6 Kf8 45. exf7 Rxb3 46. Be6 Rbd3 47. Rxh6 Rf2 48. Rh8+ Kg7 49. Rg8+ 1-0


[Site "https://www.chess.com"]

[Event "Titled Tuesday Blitz January 03 Early 2023"]
[White "Al-Tarboush, Ward"]
[Black "Zemlyanskii, Ivan"]
[WhiteFideId "7601450"]
[BlackFideId "24249971"]
[WhiteElo "2256"]
[BlackElo "2300"]
[Result "0-1"]
[Round "08"]
[TimeControl "180+2"]
[Date "2023.01.03"]
[WhiteClock "0:00:09"]
[BlackClock "0:00:08"]

1. e4 c5 2. Nf3 d6 3. d4 cxd4 4. Nxd4 Nf6 5. Nc3 a6 6. h3 e5 7. Nde2 h5 8. Bg5 Be6 9. g3 Nbd7 10. a4 Be7 11. Bg2 O-O 12. O-O Rc8 13. b3 Nb8 14. Qd2 Nc6 15. Rad1 Nb4 16. Kh1 Qc7 17. f4 Rfd8 18. f5 Bd7 19. Bf3 Bc6 20. Kh2 d5 21. Bxf6 dxe4 22. Qe3 exf3 23. Bxe5 fxe2 24. Bxc7 exf1=N+ 25. Rxf1 Rxc7 26. Ne4 Nxc2 27. Qf4 Rcd7 28. f6 Bxe4 29. fxe7 Rxe7 30. Rf2 Nd4 31. Qg5 Rde8 32. Qxh5 Bc6 33. h4 Re2 34. Rxe2 Rxe2+ 35. Kg1 Re3 36. Kf2 Rf3+ 37. Ke1 Rxg3 38. Kd2 Rg2+ 39. Kd3 Ne6 40. Qe5 Rg4 41. Qb8+ Kh7 42. Qh2 Rd4+ 43. Kc3 Re4 44. Kb2 Nf4 45. Ka3 b5 46. Qf2 b4+ 47. Kb2 Re2+ 48. Qxe2 Nxe2 49. Kc2 Nd4+ 50. Kd2 Nxb3+ 51. Kc2 a5 52. Kd3 Nc5+ 53. Kc4 Nxa4 0-1


[Site "https://www.chess.com"]

[Event "Titled Tuesday Blitz January 03 Early 2023"]
[White "Tan, Zhongyi"]
[Black "Yeritsyan, Hayk"]
[WhiteFideId "8603642"]
[BlackFideId "13307320"]
[WhiteElo "2517"]
[BlackElo "2241"]
[Result "1-0"]
[Round "08"]
[TimeControl "180+2"]
[Date "2023.01.03"]
[WhiteClock "0:00:56"]
[BlackClock "0:00:04"]

1. e4 e5 2. Nf3 Nc6 3. Bc4 Bc5 4. c3 Nf6 5. d3 d6 6. b4 Bb6 7. a4 a6 8. O-O h6 9. Re1 Bg4 10. Nbd2 Qe7 11. Bb2 O-O 12. h3 Bh5 13. Nf1 g5 14. Ng3 Bg6 15. b5 Nd8 16. d4 Nh5 17. Nxe5 dxe5 18. Nxh5 axb5 19. Bxb5 c6 20. Bf1 Ne6 21. dxe5 Rfd8 22. Nf6+ Kg7 23. Qc2 Nc5 24. c4 Qe6 25. Be2 Ba5 26. Bg4 Qe7 27. e6 Kf8 28. Nd7+ Nxd7 29. exd7 Bxe1 30. Rxe1 Kg8 31. Qc3 f6 32. Qxf6 Qxf6 33. Bxf6 Bf7 34. Bxd8 Rxd8 35. e5 Bxc4 36. e6 1-0


[Site "https://www.chess.com"]

[Event "Titled Tuesday Blitz January 03 Early 2023"]
[White "Deac, Bogdan-Daniel"]
[Black "Dourerassou, Jonathan"]
[WhiteFideId "1226380"]
[BlackFideId "628050"]
[WhiteElo "2700"]
[BlackElo "2414"]
[Result "1/2-1/2"]
[Round "08"]
[TimeControl "180+2"]
[Date "2023.01.03"]
[WhiteClock "0:00:08"]
[BlackClock "0:00:19"]

1. d4 Nf6 2. c4 g6 3. Nc3 d5 4. cxd5 Nxd5 5. e4 Nxc3 6. bxc3 Bg7 7. Nf3 c5 8. Bb5+ Nd7 9. O-O O-O 10. Re1 Nf6 11. h3 Qa5 12. Qb3 a6 13. Bf1 b5 14. a4 Bb7 15. e5 Ne4 16. Bb2 b4 17. cxb4 cxb4 18. Qd3 Nc3 19. Nd2 Rac8 20. Nb3 Qd5 21. Nc5 Rxc5 22. dxc5 Qxc5 23. Qe3 Qc6 24. Rac1 Rc8 25. a5 h5 26. Qd4 Qc5 27. Qd7 Qc7 28. Qxc7 Rxc7 29. Bxc3 bxc3 30. Re3 Rc5 31. Rcxc3 Rxa5 32. Rc7 Bd5 33. Rxe7 Ra1 34. Rc3 a5 35. Rc5 Be6 36. f3 Kh7 37. Ra7 Bh6 38. Rc3 Bd2 39. Rd3 Bf4 40. Kf2 h4 41. Rd6 Kh6 42. Rxe6 fxe6 43. Bc4 Bxe5 44. Ra6 Bd4+ 45. Ke2 Rg1 46. Bxe6 Rxg2+ 47. Kd3 Be5 48. Rxa5 Bf4 49. Bg4 Rd2+ 50. Ke4 Bg3 51. Ra6 Rd6 52. Ra5 Rb6 53. Ra4 Kg5 54. f4+ Kf6 55. Kf3 Rb3+ 56. Ke4 Rb6 57. Rc4 Ra6 58. f5 gxf5+ 59. Bxf5 Kg5 60. Bg4 Ra1 61. Rc5+ Kf6 62. Rf5+ Kg6 63. Bh5+ Kh6 64. Bf7 Re1+ 65. Kd3 Rh1 66. Be6 Kg6 67. Rf3 Rd1+ 68. Kc4 Re1 69. Bf5+ Kg5 70. Bg4 Re4+ 71. Kd5 Rxg4 72. hxg4 Kxg4 73. Rf1 h3 74. Rh1 h2 75. Rxh2 Bxh2 1/2-1/2


[Site "https://www.chess.com"]

[Event "Titled Tuesday Blitz January 03 Early 2023"]
[White "Sychev, Klementy"]
[Black "Lazavik, Denis"]
[WhiteFideId "4114060"]
[BlackFideId "13515110"]
[WhiteElo "2547"]
[BlackElo "2544"]
[Result "0-1"]
[Round "08"]
[TimeControl "180+2"]
[Date "2023.01.03"]
[WhiteClock "0:00:03"]
[BlackClock "0:01:15"]

1. e4 c5 2. g3 d5 3. exd5 Qxd5 4. Nf3 Bg4 5. Bg2 Qe6+ 6. Kf1 Nc6 7. h3 Bh5 8. Nc3 Qd7 9. d3 e6 10. Be3 Nf6 11. g4 Bg6 12. d4 cxd4 13. Nxd4 Bd6 14. Ndb5 Be5 15. Qxd7+ Nxd7 16. f4 Bxc3 17. Nc7+ Ke7 18. f5 Rac8 19. fxg6 Rxc7 20. bxc3 hxg6 21. Rb1 b6 22. Ke2 Na5 23. Rhd1 Rxc3 24. Rd2 Rxe3+ 25. Kxe3 Nc4+ 26. Ke2 Nxd2 27. Kxd2 Nc5 28. Kc3 Rd8 29. Kb4 Rd2 30. Bf3 Rxc2 0-1


[Site "https://www.chess.com"]

[Event "Titled Tuesday Blitz January 03 Early 2023"]
[White "Bashirli, Nail"]
[Black "Dominguez Perez, Leinier"]
[WhiteFideId "13406809"]
[BlackFideId "3503240"]
[WhiteElo "2326"]
[BlackElo "2739"]
[Result "1-0"]
[Round "08"]
[TimeControl "180+2"]
[Date "2023.01.03"]
[WhiteClock "0:00:18"]
[BlackClock "0:00:02"]

1. e4 c5 2. Nc3 d6 3. Nf3 Nf6 4. d4 cxd4 5. Nxd4 a6 6. Bc4 e6 7. Bb3 b5 8. Bg5 Be7 9. Qe2 b4 10. Na4 Bb7 11. f3 Qa5 12. Bd2 Nc6 13. Qc4 Nxd4 14. Qxd4 d5 15. e5 Nd7 16. a3 Qc7 17. axb4 Nxe5 18. O-O O-O 19. Kh1 Nc6 20. Qb6 Qxb6 21. Nxb6 Rad8 22. c3 d4 23. Bf4 dxc3 24. bxc3 Rd3 25. Na4 g5 26. Bc4 Rdd8 27. Bg3 h5 28. Nc5 Bxc5 29. bxc5 e5 30. Rfb1 Ba8 31. Bxa6 h4 32. Bf2 h3 33. gxh3 Rd2 34. Be3 Rc2 35. Bxg5 f6 36. Bh6 Rd8 37. Bb7 Bxb7 38. Rxb7 Kh8 39. Bg7+ Kg8 40. Bxf6 Rdd2 41. Ra8+ Nd8 42. Rxd8+ Rxd8 43. Bxd8 1-0


[Site "https://www.chess.com"]

[Event "Titled Tuesday Blitz January 03 Early 2023"]
[White "Klukin, Kirill"]
[Black "Yeletsky, Ivan"]
[WhiteFideId "24199273"]
[BlackFideId "24180327"]
[WhiteElo "2390"]
[BlackElo "2494"]
[Result "0-1"]
[Round "08"]
[TimeControl "180+2"]
[Date "2023.01.03"]
[WhiteClock "0:00:05"]
[BlackClock "0:00:15"]

1. Nf3 g6 2. d4 Bg7 3. Bf4 d6 4. c3 Nf6 5. h3 O-O 6. e3 Nc6 7. Be2 Nd7 8. O-O e5 9. Bh2 Kh8 10. a4 f5 11. Na3 g5 12. dxe5 dxe5 13. Bb5 Qe7 14. Nc4 f4 15. exf4 exf4 16. Qd5 Nde5 17. Rfe1 Be6 18. Qe4 Bf5 19. Qe2 Bd3 20. Qd1 Bxc4 21. Bxc4 Rad8 22. Qe2 Qf6 23. Bb5 h6 24. Rad1 a6 25. Bxc6 Nxc6 26. h4 g4 27. Nd4 Nxd4 28. cxd4 Qxh4 29. Qe4 Qg5 30. Qe7 g3 31. fxg3 fxg3 32. Qxg5 gxh2+ 33. Kxh2 hxg5 0-1


[Site "https://www.chess.com"]

[Event "Titled Tuesday Blitz January 03 Early 2023"]
[White "Indjic, Aleksandar"]
[Black "Agasarov, Benik"]
[WhiteFideId "911925"]
[BlackFideId "13314823"]
[WhiteElo "2618"]
[BlackElo "2235"]
[Result "1-0"]
[Round "08"]
[TimeControl "180+2"]
[Date "2023.01.03"]
[WhiteClock "0:00:20"]
[BlackClock "0:00:10"]

1. e4 e5 2. Nf3 Nf6 3. d4 Nxe4 4. Bd3 d5 5. Nxe5 Nd7 6. Nc3 Nxc3 7. bxc3 Nxe5 8. dxe5 Bc5 9. Rb1 O-O 10. O-O Qh4 11. Qf3 Be6 12. Be3 Bxe3 13. Qxe3 b6 14. f4 f5 15. Be2 Qe7 16. Bf3 Rfd8 17. Rfd1 Rab8 18. Rb4 c6 19. Kf2 Qc5 20. h3 Qxe3+ 21. Kxe3 Rd7 22. g4 g6 23. Rbd4 Rbd8 24. a4 Kf7 25. g5 Ke7 26. h4 h5 27. c4 dxc4 28. Bxc6 Rxd4 29. Rxd4 Rc8 30. Bd5 Bxd5 31. Rxd5 Rc5 32. Kd4 Rc6 33. Kc3 a6 34. Rd4 b5 35. axb5 axb5 36. Kb4 Ra6 37. Kxb5 Ra3 38. Rxc4 Rh3 39. Rd4 Rxh4 40. c4 Rh1 41. c5 Rb1+ 42. Kc6 h4 43. Rd7+ Ke6 44. Rg7 h3 45. Rxg6+ Ke7 46. Rh6 Rb3 47. Kc7 Rf3 48. Rh7+ Ke6 49. Rh6+ Ke7 50. c6 Rxf4 51. Rxh3 Rg4 52. Rh7+ Ke6 53. Kd8 Rxg5 54. Re7+ Kd5 55. c7 Rg8+ 56. Re8 Rxe8+ 57. Kxe8 Kxe5 58. c8=Q f4 59. Qc2 Kd4 60. Qf2+ Ke4 61. Ke7 Kf5 62. Kd6 Ke4 63. Ke6 Kd3 64. Kf5 f3 65. Kf4 Kc4 66. Kxf3 Kd5 67. Qd2+ Ke6 68. Qa5 Kf7 69. Kf4 Kg8 70. Qc7 Kh8 71. Kg5 Kg8 72. Kg6 Kf8 73. Qd8# 1-0


[Site "https://www.chess.com"]

[Event "Titled Tuesday Blitz January 03 Early 2023"]
[White "Salimova, Nurgyul"]
[Black "Bryakin, Mikhail"]
[WhiteFideId "2915138"]
[BlackFideId "4165314"]
[WhiteElo "2391"]
[BlackElo "2455"]
[Result "1-0"]
[Round "08"]
[TimeControl "180+2"]
[Date "2023.01.03"]
[WhiteClock "0:00:38"]
[BlackClock "0:00:03"]

1. e4 d5 2. exd5 Qxd5 3. Nc3 Qe5+ 4. Be2 Bg4 5. d4 Bxe2 6. Ngxe2 Qa5 7. b4 Qh5 8. O-O Nf6 9. Qd3 e6 10. Ng3 Qg6 11. Qb5+ Nbd7 12. d5 O-O-O 13. dxe6 fxe6 14. Qa5 Qxc2 15. Bf4 e5 16. Rac1 Bxb4 17. Qxb4 Qd3 18. Be3 Nb6 19. Bxb6 axb6 20. Nb5 Nd5 21. Qa4 Qd2 22. Qa8+ Kd7 23. Qxb7 Ke6 24. Nxc7+ Nxc7 25. Rxc7 Rhf8 26. Re7+ Kf6 27. Ne4+ 1-0


[Site "https://www.chess.com"]

[Event "Titled Tuesday Blitz January 03 Early 2023"]
[White "Leiva, Gianmarco"]
[Black "Costachi, Mihnea"]
[WhiteFideId "3804399"]
[BlackFideId "1217518"]
[WhiteElo "2392"]
[BlackElo "2476"]
[Result "0-1"]
[Round "08"]
[TimeControl "180+2"]
[Date "2023.01.03"]
[WhiteClock "0:00:01"]
[BlackClock "0:01:08"]

1. d4 Nf6 2. Nf3 d5 3. c4 c6 4. Nc3 a6 5. a4 a5 6. Bg5 e6 7. e3 Na6 8. Rc1 Nb4 9. Be2 Be7 10. O-O h6 11. Bh4 O-O 12. Ne5 Nd7 13. Bxe7 Qxe7 14. f4 Nxe5 15. fxe5 f6 16. exf6 Rxf6 17. Rxf6 Qxf6 18. Qd2 Bd7 19. Rf1 Qg5 20. Rf3 Rf8 21. Rxf8+ Kxf8 22. Bf1 Be8 23. Ne2 e5 24. dxe5 Qxe5 25. c5 Bg6 26. Qd4 Qxd4 27. Nxd4 Bd3 28. Nb3 Bxf1 29. Kxf1 Nd3 30. Nxa5 Nxc5 31. b4 Nxa4 32. Nxb7 Ke7 33. Ke2 Nc3+ 34. Kd3 Na2 35. b5 cxb5 36. Kd4 b4 37. Nc5 Kd6 38. g4 g5 39. e4 dxe4 40. Nxe4+ Ke6 41. h3 Nc3 42. Ng3 Kf6 43. Nf5 h5 44. Ng3 h4 45. Nf5 Nd1 46. Kc4 Nf2 0-1


[Site "https://www.chess.com"]

[Event "Titled Tuesday Blitz January 03 Early 2023"]
[White "Kanakaris, Georgios"]
[Black "Harsh Suresh"]
[WhiteFideId "4209460"]
[BlackFideId "45018464"]
[WhiteElo "2391"]
[BlackElo "2298"]
[Result "1-0"]
[Round "08"]
[TimeControl "180+2"]
[Date "2023.01.03"]
[WhiteClock "0:00:07"]
[BlackClock "0:00:03"]

1. Nf3 g6 2. d4 Bg7 3. g3 d6 4. Bg2 Nf6 5. O-O O-O 6. b3 c5 7. Bb2 Nc6 8. c4 cxd4 9. Nxd4 Bd7 10. Nc3 Nxd4 11. Qxd4 Bc6 12. Nd5 Ne8 13. Qd2 Bxb2 14. Qxb2 Nc7 15. h4 Bxd5 16. cxd5 Qd7 17. Rac1 Rfc8 18. h5 Ne8 19. hxg6 hxg6 20. Qd4 Nf6 21. Bf3 Kg7 22. Kg2 a6 23. Rxc8 Rxc8 24. Rh1 Rh8 25. Rxh8 Kxh8 26. g4 Kg8 27. g5 Nh7 28. Bg4 Qc7 29. f4 Nf8 30. Qc4 Qa5 31. a4 b5 32. axb5 axb5 33. Qe4 Qd2 34. b4 Qd1 35. Kf2 Qd2 36. Kg2 f5 37. gxf6 exf6 38. Be6+ Kg7 39. f5 g5 40. Qg4 Qe1 41. Qh5 Nh7 42. Qg6+ Kf8 43. Qg8+ Ke7 44. Qf7+ Kd8 45. Qd7# 1-0


[Site "https://www.chess.com"]

[Event "Titled Tuesday Blitz January 03 Early 2023"]
[White "Wagner, Dennis"]
[Black "Yuan, Qingyu"]
[WhiteFideId "24650684"]
[BlackFideId "8609772"]
[WhiteElo "2595"]
[BlackElo "2373"]
[Result "0-1"]
[Round "08"]
[TimeControl "180+2"]
[Date "2023.01.03"]
[WhiteClock "0:00:05"]
[BlackClock "0:00:03"]

1. d4 d5 2. Nf3 Nf6 3. c4 e6 4. cxd5 exd5 5. Nc3 c6 6. Bf4 Bf5 7. e3 Bd6 8. Bxd6 Qxd6 9. Nh4 Be4 10. f3 Bg6 11. Qb3 Nbd7 12. O-O-O O-O-O 13. Nxg6 hxg6 14. Kb1 Rxh2 15. Rxh2 Qxh2 16. e4 Nb6 17. a4 Qc7 18. a5 Nbd7 19. e5 Ne8 20. a6 Nb6 21. Rc1 Kb8 22. Bd3 Qd7 23. Na4 Nxa4 24. Qxa4 b5 25. Qc2 Rc8 26. f4 Rc7 27. f5 gxf5 28. Bxf5 Qe7 29. Qb3 g6 30. Bd3 Qd7 31. Rc5 Ka8 32. Qc2 Qc8 33. Be2 Kb8 34. Bd3 Qxa6 35. Qf2 Qc8 36. Qf4 a6 37. Qh6 Qd7 38. Qf8 Kb7 39. Rc2 Qe7 40. Qh8 Rc8 41. Qh3 Nc7 42. Be2 Ne6 43. Bg4 Re8 44. Bxe6 Qxe6 45. Qf3 Re7 46. Rf2 Rc7 47. Ka2 Qe7 48. Qc3 Kb6 49. Rf6 Kb7 50. Qa5 Qd7 51. Qe1 Qg4 52. Qf2 Qe4 53. Rxf7 Rxf7 54. Qxf7+ Kb6 55. e6 Qxd4 56. Qf8 Qa4+ 57. Kb1 Qd1+ 58. Ka2 Qa4+ 59. Kb1 Qe4+ 60. Ka2 Qxe6 61. Qb8+ Kc5 62. Qa7+ Kb4 63. Qd4+ Ka5 64. Qc5 d4+ 65. Ka3 Qe3+ 66. b3 Qc3 67. Qe7 Qa1# 0-1


[Site "https://www.chess.com"]

[Event "Titled Tuesday Blitz January 03 Early 2023"]
[White "Borges Feria, Yasel"]
[Black "Renjith, Sravan"]
[WhiteFideId "3504921"]
[BlackFideId "4306783"]
[WhiteElo "2439"]
[BlackElo "2172"]
[Result "1-0"]
[Round "08"]
[TimeControl "180+2"]
[Date "2023.01.03"]
[WhiteClock "0:00:26"]
[BlackClock "0:00:19"]

1. e4 e5 2. Nf3 Nc6 3. Bb5 Nf6 4. Bxc6 dxc6 5. d3 Bd6 6. Nbd2 O-O 7. b3 Be6 8. Bb2 Nd7 9. O-O f6 10. a4 Qe7 11. Nh4 g6 12. Nhf3 Rae8 13. Re1 b6 14. d4 c5 15. c3 cxd4 16. cxd4 exd4 17. Nxd4 Nc5 18. Nxe6 Qxe6 19. Qc2 Rd8 20. Rad1 Nd3 21. Rf1 Bc5 22. e5 Qg4 23. h3 Qe2 24. Qc4+ Rf7 25. e6 Re7 26. Bxf6 Nxf2 27. Qxe2 Ne4+ 28. Kh2 Bd6+ 29. g3 Nxg3 30. Bxe7 1-0


[Site "https://www.chess.com"]

[Event "Titled Tuesday Blitz January 03 Early 2023"]
[White "Pakleza, Zbigniew"]
[Black "Mihajlov, Sebastian"]
[WhiteFideId "1119290"]
[BlackFideId "1512110"]
[WhiteElo "2494"]
[BlackElo "2373"]
[Result "0-1"]
[Round "08"]
[TimeControl "180+2"]
[Date "2023.01.03"]
[WhiteClock "0:00:09"]
[BlackClock "0:01:14"]

1. d4 Nf6 2. Nf3 b6 3. Bf4 Bb7 4. e3 g6 5. h3 Bg7 6. Be2 O-O 7. O-O d6 8. c3 Nbd7 9. Nbd2 c5 10. a4 Qc7 11. a5 Bc6 12. Bh2 b5 13. Bd3 a6 14. e4 e5 15. Re1 Nh5 16. d5 Bb7 17. c4 Nf4 18. Bf1 b4 19. g3 Nh5 20. Nb3 Bh6 21. Nh4 Ng7 22. f4 f5 23. exf5 Nxf5 24. Nxf5 Rxf5 25. g4 Rxf4 26. Bxf4 Bxf4 27. Nd2 Nf6 28. Ne4 Nxe4 29. Rxe4 Rf8 30. Bd3 Qe7 31. Qe1 Bc8 32. Re2 Qg5 33. Rg2 Be3+ 34. Kh2 Rf3 35. Qe2 Qf4+ 36. Kh1 Rxh3+ 37. Rh2 Bxg4 38. Rf1 Bxe2 39. Rxf4 Rxh2+ 0-1


[Site "https://www.chess.com"]

[Event "Titled Tuesday Blitz January 03 Early 2023"]
[White "Bilan, Danila"]
[Black "Preotu, Razvan"]
[WhiteFideId "24161918"]
[BlackFideId "2613280"]
[WhiteElo "2303"]
[BlackElo "2475"]
[Result "0-1"]
[Round "08"]
[TimeControl "180+2"]
[Date "2023.01.03"]
[WhiteClock "0:00:05"]
[BlackClock "0:00:04"]

1. d4 Nf6 2. Nf3 g6 3. Bg5 Bg7 4. c3 O-O 5. Nbd2 d6 6. e4 c5 7. dxc5 dxc5 8. Qc2 Nc6 9. Be2 Qc7 10. O-O h6 11. Bh4 Nh5 12. Rfe1 b6 13. a4 Bb7 14. Nf1 Rad8 15. Rad1 Na5 16. Ne3 g5 17. Bg3 Nxg3 18. hxg3 e6 19. Nh2 c4 20. Nhf1 a6 21. Bh5 b5 22. axb5 axb5 23. Ng4 f5 24. exf5 exf5 25. Nge3 Be4 26. Qe2 Bd3 27. Qf3 Qc5 28. g4 fxg4 29. Qxg4 Rd6 30. Qg3 Rdf6 31. Be2 Rxf2 32. Qxf2 Rxf2 33. Kxf2 Bxe2 34. Kxe2 b4 35. Rd5 Qb6 36. Ra1 bxc3 37. Raxa5 cxb2 38. Ra8+ Kh7 39. Nd2 c3 40. Nb1 Qxe3+ 41. Kxe3 c2 42. Nd2 b1=Q 43. Nxb1 cxb1=Q 44. Rd3 Qb6+ 45. Ke2 Qb2+ 46. Ke3 Qxg2 47. Re8 Qg3+ 48. Kd2 Qf4+ 49. Kc2 Qc4+ 50. Kd2 Qb4+ 51. Ke2 g4 52. Red8 h5 53. R8d7 Qe4+ 54. Re3 Qc4+ 55. Red3 Kg6 56. Kf2 Bf6 57. R7d6 h4 58. Kg2 Qe4+ 59. Kf2 g3+ 60. Kf1 Qh1+ 61. Ke2 g2 62. Rf3 g1=Q 63. Rdxf6+ Kg5 64. R6f5+ Kh6 65. Rf6+ Qg6 66. Rxg6+ Kxg6 0-1


[Site "https://www.chess.com"]

[Event "Titled Tuesday Blitz January 03 Early 2023"]
[White "Nouri, Alekhine"]
[Black "Melaugh, Shane"]
[WhiteFideId "5216184"]
[BlackFideId "2509580"]
[WhiteElo "2257"]
[BlackElo "2115"]
[Result "1-0"]
[Round "08"]
[TimeControl "180+2"]
[Date "2023.01.03"]
[WhiteClock "0:00:24"]
[BlackClock "0:00:06"]

1. e4 c5 2. Nc3 e6 3. f4 d5 4. Nf3 dxe4 5. Nxe4 Nf6 6. Bb5+ Bd7 7. Nxf6+ Qxf6 8. Bxd7+ Nxd7 9. O-O Bd6 10. g3 O-O 11. d3 Rfd8 12. Qe2 Rac8 13. c3 Qe7 14. Be3 Nf6 15. Rad1 h6 16. Bc1 Qc7 17. Ne5 Nd7 18. Ng4 Re8 19. Qf3 b5 20. Rde1 a5 21. f5 exf5 22. Qxf5 Ne5 23. Bxh6 gxh6 24. Nxh6+ Kg7 25. Qg5+ Kf8 26. Qf6 Qd7 27. Qh8+ Ke7 28. Rxf7+ Kd8 29. Rxd7+ Kxd7 30. Qh7+ Re7 31. Qf5+ Kc7 32. Re4 Rce8 33. Kg2 Rh8 34. d4 Rxh6 35. dxe5 Bxe5 36. Rxe5 Rxe5 37. Qxe5+ Kc6 38. Qe8+ Kb6 39. Qd8+ Kc6 40. a4 bxa4 41. c4 Rd6 42. Qxd6+ Kxd6 43. h4 Ke5 44. h5 Kd4 45. h6 Kxc4 46. h7 Kb3 47. h8=Q a3 48. Qc3+ Ka4 49. Qxa3+ Kb5 50. b3 c4 51. Qa4+ Kc5 52. Qxc4+ Kd6 53. Qb5 Kc7 1-0


[Site "https://www.chess.com"]

[Event "Titled Tuesday Blitz January 03 Early 2023"]
[White "Baskakov, Egor"]
[Black "Janaszak, Dawid"]
[WhiteFideId "24197866"]
[BlackFideId "1119206"]
[WhiteElo "2215"]
[BlackElo "2316"]
[Result "1-0"]
[Round "08"]
[TimeControl "180+2"]
[Date "2023.01.03"]
[WhiteClock "0:00:18"]
[BlackClock "0:00:05"]

1. e4 c5 2. Nf3 Nc6 3. Nc3 g6 4. d4 cxd4 5. Nxd4 Bg7 6. Nde2 Nf6 7. g3 b5 8. a3 Rb8 9. Bg2 a5 10. O-O O-O 11. h3 b4 12. axb4 axb4 13. Nd5 e6 14. Nxf6+ Qxf6 15. Ra2 d5 16. exd5 exd5 17. Nf4 b3 18. cxb3 Nb4 19. Ra7 Qb6 20. Re7 Bf5 21. Bd2 d4 22. g4 Bc2 23. Qf3 d3 24. Bc3 Bxc3 25. bxc3 Qf6 26. Rc7 Qe5 27. Rc4 Na2 28. Nxd3 Bxd3 29. Qxd3 Rxb3 30. Qd4 Qe7 31. Qd2 Qa3 32. Rc7 Rxc3 33. Rd7 Rb3 34. Bd5 Rb2 35. Qf4 Nc3 36. Bxf7+ 1-0


[Site "https://www.chess.com"]